 Dungeon Crawl Stone Soup version 0.25-b1-37-g2669288c55 (webtiles) character file.

Game seed: 11628410195772519870

132 Masnef the Covert (level 5, -4/45 HPs)
             Began as a Naga Assassin on June 4, 2020.
             Was a Follower of Cheibriados.
             Slain by a gnoll
             ... wielding a +0 halberd
              (8 damage)
             ... on level 3 of the Dungeon.
             The game lasted 00:04:34 (2554 turns).

Masnef the Covert (Naga Assassin)                   Turns: 2554, Time: 00:04:34

Health: -4/45      AC:  3    Str: 15    XL:     5   Next: 15%
Magic:  5/5        EV: 10    Int: 15    God:    Cheibriados [*.....]
Gold:   45         SH:  0    Dex: 14    Spells: 4/4 levels left

rFire    + . .     SeeInvis +   a - +2 dagger
rCold    + . .     Gourm    .   (no shield)
rNeg     . . .     Faith    +   b - +0 robe
rPois    +         Spirit   .   (no helmet)
rElec    +         Reflect  .   c - +0 cloak
rCorr    +         Harm     .   (no gloves)
MR       .....                  (no barding)
Stlth    ++++......             i - amulet of faith
HPRegen  0.15/turn              (no ring)
MPRegen  0.09/turn              (no ring)

@: resistant, very slow
A: large, see invisible, deformed body, poison resistance, slowness 2, slow
metabolism 1, spit poison 1, AC +1
a: Spit Poison, Bend Time, Renounce Religion


You were on level 3 of the Dungeon.
You worshipped Cheibriados.
Cheibriados was aware of your devotion.
You were not hungry.

You visited 1 branch of the dungeon, and saw 3 of its levels.

You collected 45 gold pieces.

Inventory:

Hand Weapons
 a - a +2 dagger (weapon)
 g - a +1 hunting sling of freezing
 p - a +0 short sword
Missiles
 d - 8 poisoned darts (quivered)
 e - 2 curare-tipped darts
 m - 11 sling bullets
Armour
 b - a +0 robe (worn)
 c - a +0 cloak (worn)
Jewellery
 i - an amulet of faith (around neck)
Scrolls
 h - 2 scrolls of remove curse {unknown}
 k - a scroll of teleportation {unknown}
 n - a scroll of amnesia {unknown}
 o - 2 scrolls of enchant armour {unknown}
 t - a scroll of identify {unknown}
Potions
 l - a potion of magic {unknown}
 r - a potion of lignification {unknown}
 u - a potion of ambrosia {unknown}
 v - a potion of might {unknown}
Comestibles
 f - 4 rations
 s - 5 chunks of flesh


   Skills:
 + Level 2.2 Fighting
 - Level 2.0 Short Blades
 - Level 1.9 Throwing
 + Level 1.2 Dodging
 + Level 9.1 Stealth


You had 4 spell levels left.
You didn't know any spells.
Your spell library was empty.

Dungeon Overview and Level Annotations

Branches:
Dungeon (3/15)

Altars:
Cheibriados
Dithmenos
Qazlal


Innate Abilities, Weirdness & Mutations

You cannot wear boots.
Your serpentine skin is tough. (AC +1)
You have supernaturally acute eyesight. (SInv)
Armour fits poorly on your strangely shaped body.
Your system is resistant to poisons. (rPois)
You cover ground very slowly.
You have a slow metabolism.
You can spit poison.


Message History

The gnoll closely misses you.
The gnoll hits you with a +0 vorpal flail!
You closely miss the gnoll.
The gnoll is almost dead.
The gnoll barely misses you.
You hit the gnoll.
You kill the gnoll!
Cheibriados appreciates the change of pace.
The gnoll hits you from afar with a +0 spear!
The gnoll hits you with a +0 spear!
* * * LOW HITPOINT WARNING * * *
The gnoll hits you from afar with a +0 halberd.
* * * LOW HITPOINT WARNING * * *
The gnoll hits you with a +0 spear!
* * * LOW HITPOINT WARNING * * *
You see here a +0 vorpal flail.
You hit the gnoll.
The gnoll is moderately wounded.
The gnoll hits you from afar with a +0 halberd!
You die...

#.....# #.##.....
###.### #.#.....#
##.## #......##
##...## ####..).
##.###.## ##.###
#.## ##.# .# #.#
#.# #+## #.## ##.#
#...## ##@###.##
#.....#
##gg>######.....?.
#..[....#..g.....
#...>...'....g...
#...>##.#.[......
#...###.##...?...
#.### #.# #.....#
#.# #.# #...## #..
..# #+##


You could see 2 gnolls.

Vanquished Creatures
  A worker ant (D:2)
  A gnoll (D:3)
  2 adders (D:2)
  2 oozes (D:1)
  3 dart slugs
  2 leopard geckos (D:1)
  6 bats
  5 giant cockroaches
  8 goblins
  6 hobgoblins
  7 jackals
  4 kobolds
  6 frilled lizards
  5 rats
58 creatures vanquished.

Notes
Turn   | Place    | Note
-------+----------+-------------------------------------------
     0 | D:1      | Masnef the Naga Assassin began the quest for the Orb.
     0 | D:1      | Reached XP level 1. HP: 19/19 MP: 1/1
    26 | D:1      | Reached skill level 6 in Stealth
    28 | D:1      | Reached XP level 2. HP: 26/26 MP: 2/2
   482 | D:1      | Reached skill level 7 in Stealth
   565 | D:1      | Reached XP level 3. HP: 32/32 MP: 3/3
  1361 | D:2      | Reached skill level 8 in Stealth
  1361 | D:2      | Reached XP level 4. HP: 39/39 MP: 4/4
  1387 | D:2      | Found a snail-covered altar of Cheibriados.
  1417 | D:2      | Reached skill level 1 in Dodging
  1427 | D:2      | Became a worshipper of Cheibriados the Contemplative
  1744 | D:2      | Found a stormy altar of Qazlal.
  2119 | D:2      | Reached skill level 9 in Stealth
  2382 | D:3      | Found a shadowy altar of Dithmenos.
  2383 | D:3      | Reached XP level 5. HP: 45/45 MP: 5/5
  2385 | D:3      | Reached * piety under Cheibriados
  2554 | D:3      | Slain by a gnoll

Illustrated notes

Levels and vault maps discovered:
D:1:      saegor_arrival_simple_b, layout_loops_ring
D:2:      layout_loops_cross, kennysheep_slug_shrine,
          lemuel_coloured_pillars_altar, minmay_pentomino_q4
D:3:      layout_loops_corners, overflow_temple_1_default,
          ebering_ghost_sewer_d, uniq_terence

Skill      XL: |  1  2  3  4 |
---------------+-------------+-----
Stealth        | 6 7 8 9 |  9.1
Dodging        | 1 |  1.2
Fighting       | |  2.2
Short Blades   | |  2.0
Throwing       | |  1.9

Action                   |  1- 3 |  4- 6 || total
-------------------------+-------+-------++-------
Melee: Dagger            |    91 |    89 ||   180
 Fire: Hunting sling     |     1 |       ||     1
  Use: Potion            |       |     2 ||     2
 Stab: Sleeping          |    13 |     7 ||    20
       Distracted        |       |     1 ||     1
  Eat: Chunk             |     1 |     3 ||     4
Armor: Robe              |    34 |    41 ||    75
Dodge: Dodged            |    45 |    61 ||   106
